 Dungeon Crawl Stone Soup version 0.31.0 (webtiles) character file.

Game seed: 2000741469341257411

74 qw the Shooter (level 4, -10/28 HPs)
             Began as a Gargoyle Hunter on Jan 19, 2024.
             Blown up by Ijyb (14 damage)
             ... with a mindburst bolt
             ... on level 3 of the Dungeon.
             The game lasted 00:00:05 (1301 turns).

qw the Shooter (Gargoyle Hunter)                    Turns: 1301, Time: 00:00:06

Health: -10/28     AC:  7    Str: 14    XL:     4   Next: 28%
Magic:  4/4        EV: 11    Int: 10    God:
Gold:   160        SH:  0    Dex: 15    Spells: 3/3 levels left

rFire   . . .        a - +0 shortbow
rCold   . . .        (shield currently unavailable)
rNeg    + . .        c - +0 leather armour
rPois   inf          (no helmet)
rElec   +            (no cloak)
rCorr   .            (no gloves)
SInv    .            b - +0 pair of boots
Will    .....        (no amulet)
Stlth   ++           (no ring)
HPRegen 0.24/turn    (no ring)
MPRegen 0.09/turn

%: no passive effects
@: no status effects
A: sickness immunity, AC +3, negative energy resistance 1, electricity
resistance, torment resistance 1, petrification resistance
a: no special abilities


You were on level 3 of the Dungeon.
You visited 1 branch of the dungeon, and saw 3 of its levels.

You collected 160 gold pieces.


Innate Abilities, Weirdness & Mutations

You are immune to sickness and miasma.
Your stone body is resilient. (AC +3)
You are immune to poison.
You resist negative energy. (rN+)
You are resistant to electric shocks. (rElec)
You are resistant to unholy torment.
You are immune to petrification.


   Skills:
 - Level 3.4 Fighting
 + Level 5.1 Ranged Weapons
 - Level 1.5 Dodging
 - Level 1.1 Stealth


You had 3 spell levels left.
You didn't know any spells.
Your spell library was empty.

Inventory:

Hand Weapons
 a - a +0 shortbow (weapon)
Armour
 b - a +0 pair of boots (worn)
 c - a +0 leather armour (worn)
Potions
 d - 2 potions of curing
 e - a potion of cancellation {unknown}

Dungeon Overview and Level Annotations

Branches:
Dungeon (3/15)

Altars:

Annotations:
D:3 Ijyb


Message History

Enter note:
Enter note:
Enter note:
Enter note:
Enter note:
Enter note:
Enter note:
Enter note:
Enter note:
Enter note: You start resting.
HP restored.
Done exploring.
What level of the Dungeon? (default 3, ? - help)
You climb downwards.
There is a stone staircase leading up here.
There is a stone staircase leading down here.
You climb downwards.
Level annotation: Ijyb
There is a stone staircase leading up here.
Ijyb is nearby!
Enter note:
Enter note: You shoot an arrow.
The arrow hits Ijyb.
Ijyb is lightly wounded.
Ijyb hits you with a +0 dagger.
Ijyb zaps a wand.
Your mind is blasted!
You shoot an arrow. The arrow hits Ijyb.
Ijyb is moderately wounded.
Ijyb hits you with a +0 dagger.
You shoot an arrow. The arrow barely misses Ijyb.
Ijyb zaps a wand.
Your mind is blasted!
You shoot an arrow. The arrow closely misses Ijyb.
Ijyb barely misses you.
You shoot an arrow. The arrow closely misses Ijyb.
Ijyb zaps a wand.
Your mind is blasted!
Ouch! That really hurt!
You shoot an arrow. The arrow closely misses Ijyb.
Ijyb zaps a wand.
Your mind is blasted!
Ouch! That really hurt!
You die...

.. #.#####.#..#
..#####.......#..#
#.##..........#..#
#.##.##.###.#.#..#
#.##.#.[......#..#
#....#..#######..#
#....#.........
#....#g..######
##.##.#@..#
##..##.##..#
##...##.....#
#....#####.##
####.#####.##
#........#
#######..# #..#
#....


You could see Ijyb.

Vanquished Creatures
  Jessica (D:3)
  2 adders (D:2)
  2 dart slugs (D:1)
  2 ribbon worms (D:2)
  An endoplasm (D:1)
  A giant cockroach (D:1)
  4 goblins
  2 hobgoblins (D:2)
  2 jackals (D:2)
  A quokka (D:1)
  2 bats
  A kobold (D:2)
  2 rats (D:1)
23 creatures vanquished.

Notes
Turn   | Place    | Note
-------+----------+-------------------------------------------
     0 | D:1      | qw the Gargoyle Hunter began the quest for the Orb.
     0 | D:1      | Reached XP level 1. HP: 12/12 MP: 1/1
     0 | D:1      | 0 ||| qw: Version: 0.3-a-132-g3d54051
     0 | D:1      | 0 ||| qw: Game counter: 27
     0 | D:1      | 0 ||| qw: Melee chars always use a shield: true
     0 | D:1      | 0 ||| qw: God list: Okawaru
     0 | D:1      | 0 ||| qw: Allow faded altars: false
     0 | D:1      | 0 ||| qw: Do Orc after clearing Dungeon:15 true
     0 | D:1      | 0 ||| qw: Do second Lair branch before Depths: true
     0 | D:1      | 0 ||| qw: Lair rune preference: random
     0 | D:1      | 0 ||| qw: Goals: Normal
     0 | D:1      | 0 ||| PLANNING D:1-11
   130 | D:1      | Reached XP level 2. HP: 17/17 MP: 2/2
   598 | D:1      | 598 ||| READING scroll labelled DOISCH RUYT.
   598 | D:1      | 598 ||| IDENTIFYING inky potion
   599 | D:1      | 599 ||| READING scroll labelled SIRICEUGAJ.
   600 | D:1      | 600 ||| DROPPING scroll of butterflies.
   750 | D:2      | Reached XP level 3. HP: 20/21 MP: 3/3
   797 | D:2      | Reached skill level 5 in Ranged Weapons
   844 | D:2      | 844 ||| FLEEEEING.
   854 | D:2      | 854 ||| STAIRDANCE
  1134 | D:2      | 1134 ||| READING scroll labelled GELYCV TIPH.
  1135 | D:2      | 1135 ||| FLEEEEING.
  1145 | D:3      | Noticed Jessica
  1149 | D:3      | Killed Jessica
  1150 | D:3      | Reached skill level 3 in Fighting
  1150 | D:3      | Reached XP level 4. HP: 28/28 MP: 4/4
  1205 | D:3      | Noticed Ijyb
  1208 | D:3      | 1208 ||| FLEEEEING.
  1212 | D:3      | 1212 ||| FLEEEEING.
  1213 | D:3      | 1213 ||| FLEEEEING.
  1221 | D:3      | 1221 ||| FLEEEEING.
  1227 | D:3      | 1227 ||| STAIRDANCE
  1261 | D:2      | 1261 ||| UPGRADING to +0 pair of boots.
  1270 | D:3      | 1270 ||| STAIRDANCE
  1272 | D:2      | 1272 ||| FLEEEEING.
  1276 | D:2      | 1276 ||| STAIRDANCE
  1300 | D:3      | HP: 4/28 [disintegration (15)]
  1301 | D:3      | Blown up by Ijyb

Levels and vault maps discovered:
D:1:      dpeg_arrival_connections, layout_loops_ring
D:2:      layout_rooms
D:3:      layout_basic, wander_ebering_terrifying_dragon_lair, uniq_ijyb,
          uniq_jessica

Skill      XL: |  1  2  3 |
---------------+----------+-----
Ranged Weapons | 5 |  5.1
Fighting       | 3 |  3.4
Dodging        | |  1.5
Stealth        | |  1.1

Action                     |  1- 3 |  4- 6 || total
---------------------------+-------+-------++-------
   Fire: Shortbow          |   100 |     8 ||   108
    Use: Scroll            |     3 |       ||     3
 Armour: Leather armour    |    24 |     2 ||    26
  Dodge: Dodged            |    34 |     1 ||    35

Table legend:
 A = Non-vault XP
 B = Vault XP
 C = Vault XP percentage of total XP
 D = Non-vault monster count
 E = Vault monster count
 F = Vault count percentage of total count
                 A         B        C        D         E       F
            +---------+---------+-------+---------+---------+-------
      Total |      69 |      37 |  34.9 |      22 |       1 |   4.3
            +---------+---------+-------+---------+---------+-------
        D:1 |      23 |       0 |   0.0 |      11 |       0 |   0.0
        D:2 |      46 |       0 |   0.0 |      11 |       0 |   0.0
        D:3 |       0 |      37 | 100.0 |       0 |       1 | 100.0
            +---------+---------+-------+---------+---------+-------
